 Dungeon Crawl Stone Soup version 0.30-a0-956-gcec3b41aec (webtiles) character file.

Game seed: 12782329553758326999

294 BlueFish the Sneak (level 6, -13/41 HPs)
             Began as an Octopode Warper on Mar 30, 2023.
             Mangled by an ogre
             ... wielding a +0 giant club
              (25 damage)
             ... on level 4 of the Dungeon.
             The game lasted 00:06:14 (2650 turns).

BlueFish the Sneak (Octopode Warper)                Turns: 2650, Time: 00:06:14

Health: -13/41     AC:  1    Str: 13    XL:     6   Next: 33%
Magic:  10/10      EV: 13    Int: 15    God:
Gold:   197        SH:  0    Dex: 11    Spells: 1/10 levels left

rFire   . . .      SeeInvis .    o - +0 whip
rCold   . . .      Faith    .    (no shield)
rNeg    . . .      Spirit   .    (helmet restricted)
rPois   .          Reflect  .    (no amulet)
rElec   .          Rampage  .    (no ring)
rCorr   .                        (no ring)
Will    .....                    (no ring)
Stlth   +++                      (no ring)
HPRegen 0.26/turn                (no ring)
MPRegen 0.12/turn                (no ring)
                                 (no ring)
                                 (no ring)

@: no status effects
A: almost no armour, amphibious, 8 rings, camouflage 1, gelatinous body 1,
(nimble swimmer 1), tentacles
a: no special abilities


You were on level 4 of the Dungeon.
You visited 1 branch of the dungeon, and saw 4 of its levels.

You collected 197 gold pieces.

Inventory:

Hand Weapons
 o - a +0 whip (weapon)
Missiles
 b - 7 boomerangs of dispersal (quivered)
 f - a javelin
 j - 28 stones
Scrolls
 a - 3 scrolls of blinking
 e - a scroll of fog {unknown}
 i - 3 scrolls of identify {unknown}
 l - 3 scrolls of noise {unknown}
 m - a scroll of brand weapon {unknown}
 n - 4 scrolls of teleportation {unknown}
 q - a scroll of immolation {unknown}
 r - a scroll of summoning {unknown}
 s - a scroll of poison {unknown}
 t - a scroll of magic mapping {unknown}
Potions
 c - 2 potions of heal wounds
 d - 2 potions of berserk rage {unknown}
 g - a potion of flight {unknown}
 h - a potion of haste {unknown}
 k - 2 potions of might {unknown}
 p - 2 potions of attraction {unknown}


   Skills:
 + Level 2.7 Fighting
 * Level 2.1 Maces & Flails
 + Level 2.2 Throwing
 + Level 3.1 Dodging
 * Level 4.2 Stealth
 - Level 2.0 Unarmed Combat
 + Level 2.7 Spellcasting
 + Level 3.7 Translocations


You had one spell level left.
You knew the following spells:

 Your Spells              Type           Power      Damage    Failure   Level
a - Blink                 Tloc           26%        N/A       7%          2
b - Lesser Beckoning      Tloc           26%        N/A       7%          2
c - Teleport Other        Tloc           13%        N/A       14%         3
d - Momentum Strike       Conj/Tloc      14%        3d8       14%         2

Your spell library contained the following spells:

 Spells                   Type           Power      Damage    Failure   Level
 Summon Small Mammal      Summ           8%         N/A       21%         1
 Gell's Gravitas          Tloc           13%        N/A       14%         3
 Vhi's Electric Charge    Tloc/Air       14%        N/A       28%         3
 Static Discharge         Conj/Air       4%         2-3/arc   30%         2
 Manifold Assault         Tloc           13%        N/A       41%         4
 Call Canine Familiar     Summ           2%         N/A       52%         3
 Summon Guardian Golem    Hex/Summ       2%         N/A       52%         3
 Arcjolt                  Conj/Air       1%         1d11      99%         5
 Plasma Beam              Fire/Air       1%         2x1d8     99%         5


Dungeon Overview and Level Annotations

Branches:
Dungeon (4/15)
 Temple: D:4-7

Altars:
Ru
Xom
Yredelemnul

Annotations:
D:2 1 runed translucent door, Crazy Yiuf


Innate Abilities, Weirdness & Mutations

You cannot wear most types of armour.
You are amphibious.
You can wear up to eight rings at the same time.
Your skin changes colour to match your surroundings (Stealth+).
Your rubbery body absorbs attacks. (AC +1, EV +1)
((You are camouflaged when in or above water. (Stealth+)))
You have tentacles for arms and can constrict up to eight enemies at once.


Message History

Aim: an ogre, wielding a +0 giant club (73% to hit)
You throw a poisoned dart.
The poisoned dart barely misses the ogre.
The poisoned dart hits the orc!
The orc is poisoned.
Throw: 2 darts (poison)
Press: ? - help, Shift-Dir - straight line, f/p - ogre
Aim: an ogre, wielding a +0 giant club (73% to hit)
You throw a poisoned dart. The poisoned dart hits the ogre.
The ogre is poisoned.
Throw: dart (poison)
Press: ? - help, Shift-Dir - straight line, f/p - ogre
Aim: an ogre, wielding a +0 giant club (poisoned, 73% to hit)
You throw a poisoned dart. The poisoned dart hits the ogre.
Throw: 2 javelins
Press: ? - help, Shift-Dir - straight line, f/p - ogre
Aim: an ogre, wielding a +0 giant club (lightly wounded, poisoned, 73% to hit)
You throw a javelin. The javelin pierces through the ogre.
The ogre is lightly wounded.
The javelin pierces through the orc but does no damage.
The orc is moderately wounded.
You barely miss the ogre. Your squeeze misses the ogre.
The ogre is lightly wounded.
The ogre hits you with a +0 giant club!!
Ouch! That really hurt!
* * * LOW HITPOINT WARNING * * *
Cast which spell? (? or * to list)
You blink.
You feel stable enough to blink again.
You see here a giant cockroach corpse.
The ogre looks more healthy.
You kill the orc!
You barely miss the ogre. You squeeze the ogre!
The ogre is moderately wounded.
The ogre hits you with a +0 giant club!
* * * LOW HITPOINT WARNING * * *
You hit the ogre.
The ogre is moderately wounded.
The ogre hits you with a +0 giant club!!
Ouch! That really hurt!
You die...

#####
#..........#8...8#...##
#.##.......##...##....#
###.###########...##..#..
#...# ##...##..### ###.##
#8...8#.. # #..#####
####...#### ##
##...#8###8##...##8###8
###...................
#..@O...........)...
#...................
###8###8###⌠###8###8 ###
### ### ### ##


You could see an ogre.

Vanquished Creatures
  2 hounds (D:4)
  An iguana (D:4)
  Natasha (thrice) (D:2)
  An orc wizard (D:3)
  2 adders
  3 worms
  3 dart slugs
  4 orcs
  4 ball pythons
  9 bats
  4 endoplasms
  5 giant cockroaches
  9 goblins
  6 hobgoblins
  6 kobolds
  4 quokkas
  A frilled lizard (D:2)
  4 rats
71 creatures vanquished.

Notes
Turn   | Place    | Note
-------+----------+-------------------------------------------
     0 | D:1      | BlueFish the Octopode Warper began the quest for the Orb.
     0 | D:1      | Reached XP level 1. HP: 14/14 MP: 3/3
   230 | D:1      | Reached skill level 1 in Stealth
   247 | D:1      | Reached XP level 2. HP: 19/19 MP: 5/5
   253 | D:1      | Learned a level 2 spell: Blink
   256 | D:1      | Learned a level 2 spell: Lesser Beckoning
   389 | D:1      | Reached skill level 2 in Stealth
   548 | D:2      | Reached XP level 3. HP: 21/24 MP: 6/6
   891 | D:2      | Found a shimmering altar of Xom.
   893 | D:2      | Noticed Natasha
   899 | D:2      | Killed Natasha
   900 | D:2      | Reached skill level 1 in Maces & Flails
   900 | D:2      | Reached XP level 4. HP: 29/29 MP: 7/7
   906 | D:2      | Learned a level 3 spell: Teleport Other
  1027 | D:2      | Reached skill level 3 in Stealth
  1148 | D:2      | Noticed Natasha
  1155 | D:2      | Killed Natasha
  1224 | D:2      | Noticed Natasha
  1234 | D:2      | Killed Natasha
  1235 | D:2      | Reached XP level 5. HP: 14/35 MP: 8/8
  1325 | D:2      | Found a runed translucent door.
  1326 | D:2      | Noticed Crazy Yiuf
  1660 | D:3      | HP: 1/35 [orc/+0 short sword (2)]
  2131 | D:3      | Found a sacrificial altar of Ru.
  2349 | D:4      | Found a basalt altar of Yredelemnul.
  2357 | D:4      | Reached skill level 4 in Stealth
  2357 | D:4      | Reached XP level 6. HP: 41/41 MP: 9/9
  2362 | D:4      | Learned a level 2 spell: Momentum Strike
  2650 | D:4      | Mangled by an ogre

Illustrated notes

Levels and vault maps discovered:
D:1:      nagdon_arrival_double_spiral, layout_rooms
D:2:      layout_loops_ring, basic_altar, uniq_natasha, uniq_crazy_yiuf_cottage
D:3:      layout_loops_ring, nicolae_ru_path_of_blood
D:4:      layout_rooms, mainiacjoe_overflow_alcove_2, minmay_temple_entry_tees,
          serial_corexii_hall, corexii_hall_statues_t,
          chequers_hall_statues_corner_a, st_stairs_10

Skill      XL: |  1  2  3  4  5 |
---------------+----------------+-----
Stealth        | 1 2 3 4 |  4.2
Maces & Flails | 1 2 |  2.1
Throwing       | 2 |  2.2
Dodging        | 3 |  3.1
Fighting       | |  2.7
Unarmed Combat | |  2.0
Spellcasting   | |  2.7
Translocations | |  3.7

Action                     |  1- 3 |  4- 6 || total
---------------------------+-------+-------++-------
  Melee: Unarmed           |    55 |       ||    55
         Constrict         |    26 |    20 ||    46
         Tentacles         |    12 |    26 ||    38
         Punch             |     2 |     3 ||     5
         Whip              |    31 |    96 ||   127
  Throw: Dart              |       |     4 ||     4
         Javelin           |       |     1 ||     1
   Cast: Blink             |       |     1 ||     1
    Use: Potion            |       |     1 ||     1
   Stab: Sleeping          |    12 |    10 ||    22
 Armour: Skin              |    10 |     5 ||    15
  Dodge: Dodged            |    42 |    50 ||    92

Table legend: (Time is in decaauts)
 A = Elapsed time spent in this place.
 B = Non-inter-level travel time spent in this place.
 C = Inter-level travel time spent in this place.
 D = Time resting spent in this place.
 E = Time spent auto-exploring this place.
 F = Levels seen in this place.
 G = Mean time per level.
                   A        B        C        D        E       F      G
               +--------+--------+--------+--------+--------+-----+--------+
         Total |   2651 |   2569 |     82 |     27 |   1566 |   4 |  662.8 |
       Dungeon |   2651 |   2569 |     82 |     27 |   1566 |   4 |  662.8 |
               +--------+--------+--------+--------+--------+-----+--------+

Top non-repeatable levels by time:
     D:3: 885 daAuts
     D:2: 871 daAuts
     D:1: 494 daAuts
     D:4: 399 daAuts
